 Dungeon Crawl Stone Soup version 0.32-a0-953-g508020473e (webtiles) character file.

Game seed: 11612879390110363906

18917 Mgcat the Cleaver (level 12, -1/99 HPs)
             Began as a Coglin Fighter on Apr 15, 2024.
             Was an Elder of Okawaru.
             Slain by a cane toad (16 damage)
             ... on level 2 of the Lair of Beasts on Apr 16, 2024.
             The game lasted 00:20:41 (14106 turns).

Mgcat the Cleaver (Coglin Fighter)                 Turns: 14106, Time: 00:20:42

Health: -1/99      AC: 16    Str: 21    XL:     12   Next: 63%
Magic:  12/12      EV:  6    Int:  7    God:    Okawaru [****..]
Gold:   740        SH:  0    Dex: 15    Spells: 11/11 levels left

rFire   . . .        a - +0 war axe {Jacinta}
rCold   . . .        G - +1 hand axe (vamp) {!w, Dietrich}
rNeg    . . .        F - +1 plate armour
rPois   .            (no helmet)
rElec   .            r - +0 cloak
rCorr   .            (no gloves)
SInv    .            (no boots)
Will    .....        (amulet unavailable) Stlth
                     (ring unavailable)
HPRegen 0.36/turn    (ring unavailable)
MPRegen 0.13/turn    (no gizmo)

%: no passive effects
@: lethally poisoned (-1 -> -11), revved
A: off-hand wielding, slow wielding, warmup strikes, no jewellery
a: Invent Gizmo, Renounce Religion, Heroism, Finesse


You were on level 2 of the Lair of Beasts.
You worshipped Okawaru.
Okawaru was greatly pleased with you.
You visited 3 branches of the dungeon, and saw 14 of its levels.

You collected 792 gold pieces.
You spent 52 gold pieces at shops.

Inventory:

Hand Weapons
 a - a +0 war axe (weapon) {Jacinta}
 G - a +1 vampiric hand axe (offhand) {!w, Dietrich}
   (You took it off an orc on level 7 of the Dungeon)
Missiles
 v - 3 darts of dispersal {=f}
 y - a throwing net {=f, !d}
 C - a curare-tipped dart
Armour
 r - a +0 cloak (worn)
   (You found it on level 1 of the Lair of Beasts)
 F - a +1 plate armour (worn)
   (You found it on level 10 of the Dungeon)
Wands
 k - a wand of polymorph (8)
   (You found it on level 8 of the Dungeon)
 w - a wand of digging (13)
   (You found it on level 9 of the Dungeon)
 x - a wand of warping (3)
   (You found it on level 9 of the Dungeon)
 M - a wand of flame (8)
   (You found it on level 9 of the Dungeon)
Scrolls
 c - 7 scrolls of identify
 d - 2 scrolls of poison {!r}
 g - a scroll of fear
 h - 7 scrolls of teleportation
 j - 4 scrolls of noise {!r}
 q - a scroll of revelation
 u - 4 scrolls of fog
 E - 3 scrolls of enchant weapon
 I - a scroll of amnesia
Potions
 b - 2 potions of enlightenment {unknown}
 e - a potion of invisibility
 f - a potion of might
 l - 7 potions of curing {unknown}
 m - a potion of degeneration {!q}
 p - 2 potions of mutation {!q}
 s - a potion of brilliance
 t - 2 potions of resistance
 z - 2 potions of lignification {!q}
 A - a potion of berserk rage {unknown}
 B - 3 potions of attraction {!q}
 D - a potion of ambrosia
 H - a potion of magic
Miscellaneous
 i - a lightning rod (4/4)
   (You found it on level 10 of the Dungeon)
 N - a phantom mirror
   (You found it on level 9 of the Dungeon)


   Skills:
 + Level 10.8 Fighting
 * Level 14.6 Axes
 + Level 10.0 Armour
 - Level 2.1 Shields


You had 11 spell levels left.
You didn't know any spells.
Your spell library contained the following spells:

 Spells                   Type           Power      Damage    Failure   Level
 Slow                     Hex            0%         N/A       100%        1
 Blink                    Tloc           0%         N/A       100%        2
 Lesser Beckoning         Tloc           0%         N/A       100%        2
 Momentum Strike          Conj/Tloc      0%         3d8       100%        2
 Confusing Touch          Hex            0%         N/A       100%        3
 Fugue of the Fallen      Necr           0%         N/A       100%        3
 Inner Flame              Hex/Fire       0%         N/A       100%        3
 Maxwell's Portable Pile  Tloc           0%         2d(5-13)  100%        3
 Ozocubu's Armour         Ice            0%         N/A       100%        3
 Teleport Other           Tloc           0%         N/A       100%        3
 Vampiric Draining        Necr           0%         2d6       100%        3
 Flame Wave               Conj/Fire      0%         2d4       100%        4
 Leda's Liquefaction      Alch/Erth      0%         N/A       100%        4
 Petrify                  Alch/Erth      0%         N/A       100%        4
 Sticky Flame             Fire/Alch      0%         2d4       100%        4
 Lee's Rapid Deconstruct  Erth           0%         3d4*      100%        5
 Metabolic Englaciation   Hex/Ice        0%         N/A       100%        5
 Permafrost Eruption      Ice/Erth       0%         2x4d1     100%        6
 Manifold Assault         Tloc           0%         N/A       100%        7


Dungeon Overview and Level Annotations

Branches:
Dungeon (11/15)            Temple (1/1) D:4            Lair (2/5) D:8
  Swamp: Lair:2-3    Shoals: Lair:2-3     Snake: Lair:2-3    Spider: Lair:2-3
    Orc: D:9-12

Altars:
Ashenzari
Cheibriados
Dithmenos
Elyvilon
Fedhas
Gozag
Hepliaklqana
Kikubaaqudgha
Makhleb
Nemelex Xobeh
Okawaru
Qazlal
Ru
Sif Muna
Trog
Uskayaw
Vehumet
Wu Jian
Xom
Yredelemnul
Zin
The Shining One

Shops:
D:5 *   D:11 *

Annotations:
D:5 1 runed translucent door
D:7 2 runed translucent doors, NotYourErnst's ghost, novice GrBr
Lair:1 3 runed translucent doors, Coiter's ghost, journeyman SpDe; Qisamown's ghost, journeyman GnCj; Zoifuloc's ghost, journeyman DjCj


Innate Abilities, Weirdness & Mutations

You can wield a second weapon in your off-hand.
It takes a long time for you to wield or remove held weapons.
Your first few attacks do less damage.
You cannot equip rings or amulets.


Message History

Spoiler Alert: The yak can hit for moderate damage in melee!
You slash the yak with your +0 war axe!
You kill the yak!
Okawaru accepts your kill.
You feel like a meek peon again.
Your Armour skill increases to level 10!
You miss the culicivora with your +0 war axe.
You hit the culicivora but do no damage.
The culicivora bites you!
* * * LOW HITPOINT WARNING * * *
The culicivora draws strength from your injuries!
You take 15 damage, and have 25/99 hp.
Press: ? - help, v - describe, . - travel, g - get item
Here: a culicivora
Items here: †††††.
The floor, spattered with blood.
Unknown command.
Press: ? - help, v - describe, . - travel, g - get item
Here: a culicivora
Items here: †††††.
The floor, spattered with blood.
Unknown command.
As you read the scroll of teleportation, it crumbles to dust.
You feel strangely unstable.
The culicivora bites you but does no damage.
The culicivora closely misses you.
Your surroundings suddenly seem different.
A bullfrog comes into view.
The bullfrog croaks.
MP restored: 12 You slash the bullfrog with your +0 war axe!
The bullfrog is moderately wounded.
You closely miss the bullfrog with your +1 vampiric hand axe.
The bullfrog hits you but does no damage.
You slash the bullfrog with your +1 vampiric hand axe!
You feel better.
The bullfrog is severely wounded.
You slash the bullfrog with your +0 war axe!
You kill the bullfrog!
Okawaru accepts your kill.
You regained 3 hp, and now have 30/99 hp.
A bullfrog comes into view.
You see here a bullfrog corpse.
A bullfrog is nearby!
A bullfrog is nearby!
The bullfrog hits you but does no damage.
You slash the bullfrog with your +1 vampiric hand axe!
You feel better.
The bullfrog is moderately wounded.
You closely miss the bullfrog with your +0 war axe.
The bullfrog hits you but does no damage.
You regained 7 hp, and now have 38/99 hp.
You hit the bullfrog with your +1 vampiric hand axe.
The bullfrog is heavily wounded.
You slice the bullfrog with your +0 war axe!!
You kill the bullfrog!
Okawaru accepts your kill.
You start resting.
A cane toad comes into view.
A cane toad is nearby!
The cane toad gives a loud, deep croak!
The cane toad stings you.
You take 4 damage, and have 38/99 hp.
You closely miss the cane toad with your +1 vampiric hand axe.
You slash the cane toad with your +0 war axe!
The cane toad stings you but does no damage.
You hit the cane toad with your +1 vampiric hand axe.
You feel better.
The cane toad is heavily wounded.
You hit the cane toad but do no damage. The cane toad stings you!
You take 8 damage, and have 31/99 hp.
You hit the cane toad but do no damage.
The cane toad is heavily wounded.
You slash the cane toad with your +0 war axe!
You hit the cane toad but do no damage.
The cane toad is severely wounded.
You closely miss the cane toad with your +1 vampiric hand axe.
The cane toad stings you but does no damage.
You hit the cane toad but do no damage.
The cane toad is severely wounded.
You hit the cane toad with your +0 war axe.
A water moccasin comes into view.
The cane toad stings you but does no damage.
Spoiler Alert: The water moccasin (wandering) is fast and can poison!
The water moccasin hisses angrily.
You hit the cane toad but do no damage.
The cane toad is severely wounded.
You completely miss the cane toad with your +0 war axe.
The cane toad stings you!
* * * LOW HITPOINT WARNING * * *
You are poisoned.
The cane toad poisons you!
You take 13 damage, and have 18/99 hp.
Spoiler Alert: The water moccasin is fast and can poison!
You hit the cane toad but do no damage.
The cane toad is severely wounded.
You closely miss the cane toad with your +0 war axe.
You feel very sick. The cane toad stings you!
You die...

.#.
#.......†......
#.
#..............
#
#.$............
#.###.##.#S....
#. #.#.##.##...
. #......# ..
#......# .
####...# #..#@F#
...............
................
................
###......####..#
#.####.# ## ##
###


You could see a cane toad and a water moccasin.

Vanquished Creatures
  A boulder beetle (Lair:1)
  2 two-headed ogres (D:11)
  2 ugly things (D:11)
  2 black mambas (Lair:1)
  5 cane toads
  2 gargoyles (D:10)
  3 kobold demonologists (D:11)
  3 komodo dragons
  3 polar bears (Lair:1)
  3 trolls
  Prince Ribbit (D:5)
  Sigmund (D:3)
  A culicivora (Lair:2)
  2 wraiths
  A shadow (D:7)
  19 yaks
  2 basilisks (Lair:1)
  2 wyverns
  Grum (D:10)
  A swamp worm (Lair:2)
  9 water moccasins
  Pargi (D:3)
  2 orc warriors (D:9)
  2 ice beasts
  6 black bears
  A sky beast (D:7)
  12 wolves
  7 centaurs
  A phantom (D:6)
  A kobold brigand (D:7)
  10 bullfrogs
  A gnoll sergeant (D:7)
  3 scorpions
  7 wights
  6 howler monkeys
  An electric eel (D:7)
  2 hounds
  A bombardier beetle (D:4)
  3 gnoll boudas
  7 orc priests
  Jessica (D:2)
  8 orc wizards
  Ijyb (D:3)
  An iguana (D:6)
  4 hell rats
  25 gnolls
  9 adders
  A white imp (D:5)
  2 ufetubi (D:6)
  A ribbon worm (D:2)
  5 dart slugs
  36 orcs
  A bat (D:3)
  9 endoplasms
  4 giant cockroaches
  4 goblins
  6 hobgoblins
  4 jackals (D:4)
  14 kobolds
  7 quokkas
  6 ball pythons
  3 frilled lizards
  4 rats
  A butterfly (Lair:1)
297 creatures vanquished.

Notes
Turn   | Place    | Note
-------+----------+-------------------------------------------
     0 | D:1      | Mgcat the Coglin Fighter began the quest for the Orb.
     0 | D:1      | Reached XP level 1. HP: 18/18 MP: 1/1
   210 | D:1      | Reached XP level 2. HP: 24/24 MP: 2/2
   445 | D:1      | Found a faded altar of an unknown god.
   693 | D:2      | Reached skill level 3 in Armour
   817 | D:2      | Reached XP level 3. HP: 29/29 MP: 3/3
   932 | D:2      | Reached skill level 3 in Axes
  1023 | D:2      | Reached XP level 4. HP: 32/35 MP: 4/4
  1380 | D:2      | Noticed Jessica
  1398 | D:2      | Killed Jessica
  1704 | D:3      | Reached XP level 5. HP: 42/42 MP: 5/5
  1826 | D:3      | Found an ornate altar of the Wu Jian Council.
  1827 | D:3      | Noticed Ijyb
  1835 | D:3      | Killed Ijyb
  1836 | D:3      | Reached skill level 4 in Axes
  2010 | D:3      | Noticed Pargi
  2022 | D:3      | Killed Pargi
  2023 | D:3      | Reached skill level 4 in Fighting
  2023 | D:3      | Reached XP level 6. HP: 35/48 MP: 6/6
  2190 | D:3      | Noticed Sigmund
  2199 | D:3      | Killed Sigmund
  2200 | D:3      | Reached skill level 5 in Axes
  2200 | D:3      | Reached skill level 4 in Armour
  2200 | D:3      | Reached XP level 7. HP: 47/55 MP: 7/7
  2479 | D:3      | Found a snail-covered altar of Cheibriados.
  2642 | D:4      | Found a staircase to the Ecumenical Temple.
  2674 | Temple   | Entered the Ecumenical Temple
  3245 | D:5      | Entered Level 5 of the Dungeon
  3431 | D:5      | Found Faom Sey's Fire Supplies.
  3492 | D:5      | Reached skill level 6 in Axes
  3608 | D:5      | Noticed Prince Ribbit
  3615 | D:5      | Reached skill level 5 in Fighting
  3638 | D:5      | Killed Prince Ribbit
  3639 | D:5      | Reached skill level 5 in Armour
  3639 | D:5      | Reached XP level 8. HP: 54/63 MP: 8/8
  3778 | D:5      | Reached skill level 7 in Axes
  3852 | D:5      | Found a runed translucent door.
  3857 | D:5      | Found a basalt altar of Yredelemnul.
  4540 | D:6      | Reached skill level 6 in Fighting
  4799 | D:7      | Reached skill level 8 in Axes
  4857 | D:7      | Reached XP level 9. HP: 48/69 MP: 9/9
  5007 | D:7      | Found a large runed translucent door.
  5007 | D:7      | Found a large runed translucent door.
  5012 | D:7      | Noticed NotYourErnst's ghost (novice GrBr)
  5042 | D:7      | Reached skill level 6 in Armour
  5161 | D:7      | Reached skill level 9 in Axes
  5491 | D:7      | Reached skill level 7 in Fighting
  6207 | D:8      | Found a shimmering blue altar of Sif Muna.
  6535 | D:8      | Reached skill level 10 in Axes
  6535 | D:8      | Reached XP level 10. HP: 33/79 MP: 10/10
  6535 | D:8      | HP: 19/79 [yak (10)]
  6537 | D:8      | HP: 7/79 [yak (9)]
  6541 | D:8      | Reached skill level 7 in Armour
  6542 | D:8      | HP: 19/80 [poisoned by a scorpion]
  6727 | D:8      | Found a staircase to the Lair.
  7812 | D:9      | Reached skill level 8 in Fighting
  8091 | D:9      | Found a glowing silver altar of Zin.
  8158 | D:9      | Reached skill level 11 in Axes
  8797 | D:10     | Entered Level 10 of the Dungeon
  8821 | D:10     | Noticed Grum
  8841 | D:10     | Killed Grum
  9027 | D:10     | Noticed a gargoyle
  9036 | D:10     | Killed a gargoyle
  9376 | D:10     | Reached skill level 8 in Armour
  9382 | D:10     | Reached XP level 11. HP: 87/87 MP: 11/11
  9485 | D:10     | Found a stormy altar of Qazlal.
  9735 | D:10     | Found an opulent altar of Gozag.
  9740 | D:10     | Reached skill level 12 in Axes
  9744 | D:10     | HP: 14/84 [troll (11)]
  9750 | D:10     | Reached skill level 9 in Fighting
  9911 | D:10     | Found a bloodstained altar of Trog.
  9912 | D:10     | Found a white marble altar of Elyvilon.
  9912 | D:10     | Found a broken altar of Ashenzari.
  9913 | D:10     | Found an iron altar of Okawaru.
  9914 | D:10     | Found a hazy altar of Hepliaklqana.
  9916 | D:10     | Found a hide-covered altar of Uskayaw.
  9917 | D:10     | Found a burning altar of Makhleb.
  9922 | D:10     | Became a worshipper of Warmaster Okawaru
 10500 | D:11     | Noticed a brown ugly thing
 10519 | D:11     | HP: 13/89 [acid (10)]
 10522 | D:11     | Killed a brown ugly thing
 11189 | D:11     | Found Ahoapibba's CLEARANCE SALE!.
 11196 | D:11     | Reached * piety under Okawaru
 11221 | D:11     | Bought a scroll of enchant weapon for 52 gold pieces
 11259 | D:11     | Noticed a brown ugly thing
 11290 | D:11     | Killed a brown ugly thing
 11356 | D:11     | Noticed a two-headed ogre
 11363 | D:11     | Killed a two-headed ogre
 11363 | D:11     | Reached ** piety under Okawaru
 11377 | D:11     | Noticed a two-headed ogre
 11388 | D:11     | Killed a two-headed ogre
 11389 | D:11     | Reached skill level 13 in Axes
 11389 | D:11     | Reached skill level 9 in Armour
 11508 | D:11     | Upgraded the game from 0.32-a0-938-g40ac7a0f4d to
                  | 0.32-a0-953-g508020473e
 11594 | Lair:1   | Entered Level 1 of the Lair of Beasts
 11785 | Lair:1   | Reached *** piety under Okawaru
 11914 | Lair:1   | Reached skill level 10 in Fighting
 11918 | Lair:1   | Reached XP level 12. HP: 54/97 MP: 12/12
 12206 | Lair:1   | Found a runed translucent gate.
 12206 | Lair:1   | Found a runed translucent gate.
 12206 | Lair:1   | Found a runed translucent gate.
 12208 | Lair:1   | Noticed Coiter's ghost (journeyman SpDe)
 12208 | Lair:1   | Noticed Qisamown's ghost (journeyman GnCj)
 12210 | Lair:1   | Noticed Zoifuloc's ghost (journeyman DjCj)
 12215 | Lair:1   | Noticed Zoifuloc's ghost (journeyman DjCj)
 12555 | Lair:1   | Reached **** piety under Okawaru
 13091 | Lair:1   | Identified the +4 ring mail "Nefrog" {^Drain MP+9 Str+3
                  | Stlth+}
 13107 | Lair:1   | Reached skill level 14 in Axes
 13257 | Lair:1   | Noticed a boulder beetle
 13267 | Lair:1   | HP: 12/98 [boulder beetle (16)]
 13272 | Lair:1   | HP: 17/98 [boulder beetle (4)]
 13277 | Lair:1   | HP: 19/98 [boulder beetle (5)]
 13286 | Lair:1   | HP: 15/98 [boulder beetle (8)]
 13292 | Lair:1   | Killed a boulder beetle
 14077 | Lair:2   | Reached skill level 10 in Armour
 14105 | Lair:2   | HP: 18/99 [cane toad (14)]
 14106 | Lair:2   | Slain by a cane toad

Illustrated notes

Levels and vault maps discovered:
D:1:      co_arrival_square_in_a_square_in_a_square, layout_loops_ring,
          hellmonk_ecumenical_altar_heavens_door
D:2:      layout_loops_corners, uniq_jessica
D:3:      layout_basic, lemuel_doored_altar, mainiacjoe_overflow_brackets,
          st_stairs_9, uniq_sigmund, uniq_pargi, uniq_ijyb
D:4:      layout_rooms, minmay_temple_entry_overgrown
D:5:      layout_basic, dk_yredelemnul_ordeal, nicolae_shop_fire_sale
          [nicolae_sub_dead_trees], uniq_prince_ribbit1
D:6:      layout_basic, hex_medium, ebering_dispersal_statue_hall
D:7:      layout_loops_ring, ebering_ghost_disaster_area, minivault_4,
          minmay_misc_feat_four_crosses
D:8:      layout_layer_cave, nicolae_sif_muna_condensation,
          due_lair_maze_entry_diamond, grunt_decor_cap, chequers_mini_garden,
          hangedman_decor_clover_reticule
D:9:      layout_stronghold, zin_statuary, lightli_orcish_oven
D:10:     layout_loops_ring, mainiacjoe_overflow_alcove_4, minitemple,
          minmay_variable_closet, minmay_misc_feat_encased,
          chequers_serial_rivers_small_a, minivault_10, uniq_grum
D:11:     layout_cross, nicolae_shop_clearance
Temple:   hellmonk_temple_two_chambers
Lair:1:   layout_regular_city, gammafunk_ghost_cemetery, st_stairs_11,
          grunt_forest_small_clearing_treed, lemuel_fruit_fields
Lair:2:   layout_regular_city, nicolae_swamp_entry_splash_gauntlet,
          nicolae_spider_entry_tight_spaces, nicolae_lair_lakeside_cave

Skill      XL: |  1  2  3  4  5  6  7  8  9 10 11 12 |
---------------+-------------------------------------+-----
Armour         | 3 4 5 6 8 9 10 | 10.0
Axes           | 3 4 5 6 8 10 11 13 14 | 14.6
Fighting       | 4 5 6 7 8 10 | 10.8
Shields        | |  2.1

Action                     |  1- 3 |  4- 6 |  7- 9 | 10-12 || total
---------------------------+-------+-------+-------+-------++-------
  Melee: Falchion          |    35 |    16 |       |       ||    51
         War axe           |    37 |    75 |   260 |   486 ||   858
         Dagger            |       |    50 |   212 |       ||   262
         Hand axe          |       |       |    39 |   478 ||   517
 Invoke: Heroism           |       |       |       |     2 ||     2
  Evoke: Wand              |       |       |     9 |     7 ||    16
    Use: Potion            |       |     1 |       |     5 ||     6
         Scroll            |       |       |    21 |     4 ||    25
 Armour: Scale mail        |    26 |     7 |       |       ||    33
         Chain mail        |       |    61 |   284 |   142 ||   487
         Plate armour      |       |       |       |   377 ||   377
  Dodge: Dodged            |    19 |    38 |   116 |   168 ||   341

Table legend: (Time is in decaauts)
 A = Elapsed time spent in this place.
 B = Non-inter-level travel time spent in this place.
 C = Inter-level travel time spent in this place.
 D = Time resting spent in this place.
 E = Time spent auto-exploring this place.
 F = Levels seen in this place.
 G = Mean time per level.
                   A        B        C        D        E       F      G
               +--------+--------+--------+--------+--------+-----+--------+
         Total |  14026 |  13626 |    400 |   1655 |  10084 |  14 | 1001.9 |
       Dungeon |  11561 |  11193 |    368 |    758 |   8892 |  11 | 1051.0 |
        Temple |     21 |      1 |     20 |      0 |      0 |   1 |   21.0 |
          Lair |   2443 |   2432 |     11 |    897 |   1192 |   2 | 1221.5 |
               +--------+--------+--------+--------+--------+-----+--------+

Top non-repeatable levels by time:
  Lair:1: 2244 daAuts
    D:10: 1705 daAuts
     D:8: 1460 daAuts
     D:7: 1354 daAuts
     D:9: 1242 daAuts
     D:2: 1008 daAuts
     D:3: 992 daAuts
    D:11: 987 daAuts
     D:6: 815 daAuts
     D:5: 737 daAuts
     D:1: 670 daAuts
     D:4: 586 daAuts
  Lair:2: 198 daAuts
  Temple: 21 daAuts

Levels and vault maps discovered:
D:1:      co_arrival_square_in_a_square_in_a_square, layout_loops_ring,
          hellmonk_ecumenical_altar_heavens_door
D:2:      layout_loops_corners, uniq_jessica
D:3:      layout_basic, lemuel_doored_altar, mainiacjoe_overflow_brackets,
          st_stairs_9, uniq_sigmund, uniq_pargi, uniq_ijyb
D:4:      layout_rooms, minmay_temple_entry_overgrown
D:5:      layout_basic, dk_yredelemnul_ordeal, nicolae_shop_fire_sale
          [nicolae_sub_dead_trees], uniq_prince_ribbit1
D:6:      layout_basic, hex_medium, ebering_dispersal_statue_hall
D:7:      layout_loops_ring, ebering_ghost_disaster_area, minivault_4,
          minmay_misc_feat_four_crosses
D:8:      layout_layer_cave, nicolae_sif_muna_condensation,
          due_lair_maze_entry_diamond, grunt_decor_cap, chequers_mini_garden,
          hangedman_decor_clover_reticule
D:9:      layout_stronghold, zin_statuary, lightli_orcish_oven
D:10:     layout_loops_ring, mainiacjoe_overflow_alcove_4, minitemple,
          minmay_variable_closet, minmay_misc_feat_encased,
          chequers_serial_rivers_small_a, minivault_10, uniq_grum
D:11:     layout_cross, nicolae_shop_clearance
Temple:   hellmonk_temple_two_chambers
Lair:1:   layout_regular_city, gammafunk_ghost_cemetery, st_stairs_11,
          grunt_forest_small_clearing_treed, lemuel_fruit_fields
Lair:2:   layout_regular_city, nicolae_swamp_entry_splash_gauntlet,
          nicolae_spider_entry_tight_spaces, nicolae_lair_lakeside_cave

Table legend: (Time is in decaauts)
 A = Elapsed time spent in this place.
 B = Non-inter-level travel time spent in this place.
 C = Inter-level travel time spent in this place.
 D = Time resting spent in this place.
 E = Time spent auto-exploring this place.
 F = Levels seen in this place.
 G = Mean time per level.
                   A        B        C        D        E       F      G
               +--------+--------+--------+--------+--------+-----+--------+
         Total |  14026 |  13626 |    400 |   1655 |  10084 |  14 | 1001.9 |
       Dungeon |  11561 |  11193 |    368 |    758 |   8892 |  11 | 1051.0 |
        Temple |     21 |      1 |     20 |      0 |      0 |   1 |   21.0 |
          Lair |   2443 |   2432 |     11 |    897 |   1192 |   2 | 1221.5 |
               +--------+--------+--------+--------+--------+-----+--------+

Top non-repeatable levels by time:
  Lair:1: 2244 daAuts
    D:10: 1705 daAuts
     D:8: 1460 daAuts
     D:7: 1354 daAuts
     D:9: 1242 daAuts
     D:2: 1008 daAuts
     D:3: 992 daAuts
    D:11: 987 daAuts
     D:6: 815 daAuts
     D:5: 737 daAuts
     D:1: 670 daAuts
     D:4: 586 daAuts
  Lair:2: 198 daAuts
  Temple: 21 daAuts

Table legend:
 A = Kills in this place as a percentage of kills in the entire game.
 B = Kills by you in this place as a percentage of kills by you in the entire game.
 C = Kills by friends in this place as a percentage of kills by friends in the entire game.
 D = Other kills in this place as a percentage of other kills in the entire game.
 E = Experience gained in this place as a percentage of experience gained in the entire game.
 F = Experience gained in this place divided by the number of levels of this place that you have seen.
                   A       B       C       D       E      F
               +-------+-------+-------+-------+-------+----------------------
         Total | 100.0 | 100.0 |   N/A |   N/A | 100.0 | 1930.4
       Dungeon |  82.4 |  82.4 |   N/A |   N/A |  59.2 | 1453.5
          Lair |  17.6 |  17.6 |   N/A |   N/A |  40.8 | 5518.5
               +-------+-------+-------+-------+-------+----------------------
